 Dungeon Crawl Stone Soup version 0.27-a0-887-gcab673c142 (webtiles) character file.

Game seed: 17127477886160620834

156 CovertPenguin the Magician (level 5, -5/35 HPs)
             Began as a Djinni Fire Elementalist on Apr 4, 2021.
             Slain by Crazy Yiuf
             ... wielding a +4 quarterstaff of chaos
              (14 damage)
             ... on level 3 of the Dungeon.
             The game lasted 00:06:51 (3503 turns).

CovertPenguin the Magician (DjFE)                   Turns: 3503, Time: 00:06:52

Health: -5/35      AC:  3    Str:  7    XL:     5   Next: 37%
Gold:   102        EV: 12    Int: 18    God:
                   SH:  0    Dex: 13

rFire    + + .     SeeInvis .   n - +0 dagger (vamp) {!w}
rCold    x . .     Faith    .   (no shield)
rNeg     . . .     Spirit   .   a - +0 robe
rPois    ∞         Reflect  .   l - +0 helmet
rElec    .         Harm     .   (no cloak)
rCorr    .         Rampage  .   (no gloves)
Will     .....                  (boots unavailable)
Stlth    ++........             (no amulet)
HPRegen  0.11/turn              (no ring)
MPRegen  0.00/turn              (no ring)

@: flying
A: fire resistance 2, cold vulnerability 1, float, innate caster, hp casting,
extra vitality 1
a: no special abilities


You were on level 3 of the Dungeon.
You visited 1 branch of the dungeon, and saw 3 of its levels.

You collected 102 gold pieces.

Inventory:

Hand Weapons
 n - a +0 vampiric dagger (weapon) {!w}
   (You took it off a goblin on level 3 of the Dungeon)
Missiles
 d - 123 stones (quivered)
Armour
 a - a +0 robe (worn)
 f - a +0 kite shield
   (You found it on level 1 of the Dungeon)
 l - a +0 helmet (worn)
   (You took it off Robin on level 3 of the Dungeon)
Wands
 k - a wand of mindburst (16)
   (You found it on level 3 of the Dungeon)
Scrolls
 c - a scroll of silence {unknown}
 g - a scroll of acquirement {unknown}
 h - 3 scrolls of identify {unknown}
 i - a scroll of blinking {unknown}
 m - 3 scrolls of amnesia {unknown}
Potions
 b - a potion of magic {unknown}
 e - 2 potions of brilliance {unknown}
 j - a potion of mutation {unknown}


   Skills:
 - Level 2.1 Dodging
 - Level 1.5 Stealth
 * Level 5.0 Spellcasting


You couldn't memorise any spells.
You knew the following spells:

 Your Spells              Type           Power      Damage    Failure   Level
a - Foxfire               Conj/Fire      88%        2x1d8     1%          1
b - Conjure Flame         Conj/Fire      22%        6-21      4%          3
c - Inner Flame           Hex/Fire       22%        N/A       4%          3
d - Sticky Flame          Conj/Fire      22%        2d4       16%         4
e - Fireball              Conj/Fire      11%        3d7       41%         5
f - Sting                 Tmut/Pois      88%        1d7       1%          1
g - Wereblood             Tmut           22%        N/A       2%          2
Your spell library was empty.

Dungeon Overview and Level Annotations

Branches:
Dungeon (3/15)

Altars:
Wu Jian

Annotations:
D:3 Crazy Yiuf


Innate Abilities, Weirdness & Mutations

You are immune to poison.
Your flesh is very heat resistant. (rF++)
You are vulnerable to cold. (rC-)
You float through the air rather than walking.
You learn spells naturally, not from books.
Your magical power is your life essence.
You have superior vitality. (+4 HP)


Message History

You reach down and open the door.
Found a stone staircase leading up.
There is an open door here.
You reach down and open the door.
Found a scroll labelled ILIGHY ITZUAL.
Found a stone staircase leading down.
Found 11 stones.
h - 3 scrolls labelled ILIGHY ITZUAL (gained 1)
d - 123 stones (gained 11)
An endoplasm comes into view.
The endoplasm quivers.
You conjure some foxfire!
The foxfire hits the endoplasm.
You conjure some foxfire!
The foxfire hits the endoplasm.
The foxfire hits the endoplasm but does no damage.
You conjure some foxfire!
The foxfire hits the endoplasm.
You kill the endoplasm!
Found an escape hatch in the ceiling.
Found an ornate altar of the Wu Jian Council.
You see here a +0 dagger.
There is a stone staircase leading up here.
There is a stone staircase leading up here.
You see here a +0 dagger.
Could not explore, unopened runed door.
Here: Crazy Yiuf, wielding a +4 quarterstaff of chaos and wearing a +0 cloak (fire blocked by a runed translucent door)
The floor.
The fire begins to smolder!
You reach down and open the door.
Crazy Yiuf says, "Crazy?
Crazy!?
PORCUPINE!"
Crazy Yiuf hits you with a +4 quarterstaff of chaos!
You are confused.
You smother the flame.
You bump into the tree.
You feel less confused.
Crazy Yiuf yells, "Hack!
Gum wrapper illywillydillykilly."
Sorry, you're not good enough to have a special ability.
Unknown command.
Okay, then.
The spell is quite dangerous to cast (16% risk of failure)!
Continue anyway? [Y]es or [N]o only, please.
The spell is quite dangerous to cast (16% risk of failure)!
Continue anyway?
Aim: Crazy Yiuf, wielding a +4 quarterstaff of chaos and wearing a +0 cloak (0% to evade)
The sticky flame hits Crazy Yiuf.
Crazy Yiuf is covered in liquid flames!
Crazy Yiuf burns!
Crazy Yiuf laughs, "Liver sanguine meccalolo!"
Crazy Yiuf hits you with a +4 quarterstaff of chaos!
* * * LOW HITPOINT WARNING * * *
You are electrocuted!
You die...

....#
####......#..##..#
#.# ....#
#.........+..##..#
#.# ....#
#.##......##....>#
#.# ....#
#.################
#.# ....# #.# #.#
##### #.# ##.#
#.###♣♣ ### #..#
#)....♣♣ ♣♣#..)#
#...
#....@g♣♣♣♣.'...#
#### ###
##......♣..♣#...#
# ..# ##....♣.♣♣♣
### # ..# ###♣♣♣♣♣
# ..# # ..# ### #
### #.# # #.#####
#.....<


You could see Crazy Yiuf (burning).

Vanquished Creatures
  A hound (D:3)
  Terence (D:2)
  Robin (D:3)
  2 adders
  A worm (D:2)
  A dart slug (D:1)
  4 bats
  7 endoplasms
  2 giant cockroaches
  12 goblins
  7 hobgoblins
  12 jackals
  A quokka (D:1)
  2 ball pythons
  4 frilled lizards
  2 kobolds
  2 rats (D:1)
62 creatures vanquished.

Vanquished Creatures (others)
  174 foxfires
174 creatures vanquished.

Grand Total: 236 creatures vanquished

Notes
Turn   | Place    | Note
-------+----------+-------------------------------------------
     0 | D:1      | CovertPenguin the Djinni Fire Elementalist began the quest
                  | for the Orb.
     0 | D:1      | Reached XP level 1. HP: 15/15 MP: 0/0
    16 | D:1      | Reached skill level 3 in Spellcasting
   347 | D:1      | Reached XP level 2. HP: 20/21 MP: 0/0
   892 | D:1      | Reached XP level 3. HP: 20/25 MP: 0/0
   892 | D:1      | Learned a level 1 spell: Sting
  1674 | D:2      | Noticed Terence
  1682 | D:2      | Killed Terence
  1683 | D:2      | Reached skill level 4 in Spellcasting
  1683 | D:2      | Reached XP level 4. HP: 15/31 MP: 0/0
  2602 | D:3      | Reached XP level 5. HP: 31/35 MP: 0/0
  2602 | D:3      | Learned a level 2 spell: Wereblood
  2657 | D:3      | Noticed Robin
  2678 | D:3      | Killed Robin
  2928 | D:3      | Found a runed translucent door.
  2929 | D:3      | Noticed Crazy Yiuf
  3017 | D:3      | Reached skill level 5 in Spellcasting
  3396 | D:3      | Found an ornate altar of the Wu Jian Council.
  3503 | D:3      | Slain by Crazy Yiuf

Illustrated notes

Levels and vault maps discovered:
D:1:      minmay_arrival_diagonal_passages, layout_basic, solitary_fountain,
          minmay_tall_x
D:2:      layout_loops_cross, uniq_terence
D:3:      layout_basic, pdpol_wu_jian_five_deadly_venoms, uniq_robin,
          uniq_crazy_yiuf_cottage

Skill      XL: |  1  2  3  4  5 |
---------------+----------------+-----
Spellcasting   | 3 4 5 |  5.0
Dodging        | |  2.1
Stealth        | |  1.5

Action                   |  1- 3 |  4- 6 || total
-------------------------+-------+-------++-------
Melee: Unarmed           |     2 |       ||     2
       Dagger            |     8 |     4 ||    12
 Cast: Foxfire           |    62 |    49 ||   111
       Inner Flame       |       |     2 ||     2
       Conjure Flame     |       |     1 ||     1
       Sticky Flame      |       |     1 ||     1
Armor: Robe              |     1 |     2 ||     3
Dodge: Dodged            |    10 |     6 ||    16

Table legend: (Time is in decaauts)
 A = Elapsed time spent in this place.
 B = Non-inter-level travel time spent in this place.
 C = Inter-level travel time spent in this place.
 D = Time resting spent in this place.
 E = Time spent auto-exploring this place.
 F = Levels seen in this place.
 G = Mean time per level.
                   A        B        C        D        E       F      G
               +--------+--------+--------+--------+--------+-----+--------+
         Total |   3501 |   3428 |     73 |    705 |   2384 |   3 | 1167.0 |
       Dungeon |   3501 |   3428 |     73 |    705 |   2384 |   3 | 1167.0 |
               +--------+--------+--------+--------+--------+-----+--------+

Top non-repeatable levels by time:
     D:1: 1630 daAuts
     D:3: 938 daAuts
     D:2: 932 daAuts
